 Dungeon Crawl Stone Soup version 0.25-a0-785-gb22c70e859 (webtiles) character file.

Game seed: 7410048887375531059, levelgen mode: deterministic

548 Conn the Magician (level 7, -4/37 HPs)
             Began as a Deep Elf Wizard on Apr 16, 2020.
             Slain by a gnoll sergeant
             ... wielding a +0 spear
              (6 damage)
             ... on level 5 of the Dungeon.
             The game lasted 00:21:24 (5293 turns).

Conn the Magician (Deep Elf Wizard)                 Turns: 5293, Time: 00:21:25

Health: -4/37      AC:  4    Str:  3 (4)  XL:     7   Next: 7%
Magic:  1/19       EV: 13    Int: 24 (25) God:
Gold:   313        SH:  0    Dex: 10 (13) Spells: 9/20 levels left

rFire    . . .     SeeInvis .   b - staff of wizardry
rCold    . . .     Gourm    .   (no shield)
rNeg     . . .     Faith    .   g - +0 robe
rPois    .         Spirit   .   q - +0 hat
rElec    .         Reflect  .   r - +0 cloak
rCorr    .         Harm     .   (no gloves)
MR       .....                  s - +0 pair of boots
Stlth    ++........             (no amulet)
HPRegen  0.12/turn              (no ring)
MPRegen  0.16/turn              (no ring)

@: very slightly contaminated
A: no striking features
a: no special abilities


You were on level 5 of the Dungeon.
You were very hungry.

You visited 1 branch of the dungeon, and saw 5 of its levels.

You collected 313 gold pieces.

Inventory:

Hand Weapons
 a - a +0 short sword
Missiles
 e - 12 poisoned darts (quivered)
 v - 3 datura-tipped darts
Armour
 g - a +0 robe (worn)
 m - a +0 pair of boots
 q - a +0 hat (worn)
 r - a +0 cloak (worn)
 s - a +0 pair of boots (worn)
Magical Staves
 b - an uncursed staff of wizardry (weapon)
Wands
 p - a wand of random effects (16)
Scrolls
 h - a scroll of fog {unknown}
 i - 4 scrolls of identify {unknown}
 j - 2 scrolls of remove curse {unknown}
 k - a scroll of enchant armour {unknown}
 n - a scroll of enchant weapon {unknown}
 t - a scroll of magic mapping {unknown}
Potions
 c - a potion of degeneration
 f - 2 potions of flight
 l - 3 potions of heal wounds {unknown}
 o - a potion of magic
 u - a potion of curing {unknown}
Comestibles
 d - 3 rations


   Skills:
 + Level 0.9 Fighting
 + Level 1.6 Short Blades
 + Level 0.4 Staves
 + Level 1.0 Throwing
 + Level 3.1 Dodging
 + Level 3.5 Stealth
 + Level 7.3 Spellcasting
 + Level 3.3 Conjurations
 + Level 3.1 Summonings
 + Level 1.7 Translocations
 + Level 0.3 Air Magic
 + Level 0.6 Poison Magic


You had 9 spell levels left.
You knew the following spells:

 Your Spells              Type           Power        Failure   Level  Hunger
a - Magic Dart            Conj           ###.         1%          1    None
b - Blink                 Tloc           N/A          2%          2    None
c - Call Imp              Summ           ###.....     1%          2    None
d - Conjure Flame         Conj/Fire      ###.....     4%          3    None
e - Mephitic Cloud        Conj/Pois/Air  ###.....     4%          3    None

Your spell library contained the following spells:

 Spells                   Type           Power        Failure   Level  Hunger
 Slow                     Hex            #.......     4%          2    None


Dungeon Overview and Level Annotations

Branches:
Dungeon (5/15)
 Temple: D:4-7

Altars:
Trog
Zin

Annotations:
D:5 Prince Ribbit


Message History

Unknown command.
Evoke which item? (* to show all) (? for menu, Esc to quit)
Aiming: Random Effects
Press: ? - help, Shift-Dir - straight line, f/p - gnoll sergeant
Aim: a gnoll sergeant, wielding a +0 spear, wearing a +0 scale mail and wearing a +0 kite shield (fast) Nothing appears to happen.
The gnoll sergeant hits you from afar with a +0 spear.
Casting: Mephitic Cloud (safe; 4% risk of failure)
Confirm with . or Enter, or press ? or * to list all spells.
You blink.
The gnoll sergeant hits you with a +0 spear!
* * * LOW HITPOINT WARNING * * *
The gnoll sergeant hits you with a +0 spear!
* * * LOW HITPOINT WARNING * * *
It was a potion of degeneration.
There was something very wrong with that liquid.
You feel weakened.
You feel dopey.
You feel clumsy.
Prince Ribbit croaks.
The gnoll sergeant hits you with a +0 spear.
You die...

#.$.. #...............
#.... #...F...........
#.... #....=..........
#.... #...............
#.... #...............
#.... #...............
####. #............... #.
#.......@....... #.
#....ยง.g....%...########.
######.#'########........
#.#.# #........ #.#.#
#........
#.#.########........
#.#.....)........(..
#.##########........ #.#
#........


You could see Prince Ribbit and a gnoll sergeant.

Vanquished Creatures
  3 ogres (D:4)
  A centaur skeleton (D:4)
  2 worker ants (D:4)
  3 gnolls (D:5)
  5 adders
  A worm (D:4)
  A dart slug (D:2)
  3 leopard geckos
  5 orcs
  5 giant cockroaches
  8 hobgoblins
  5 jackals
  7 bats
  5 frilled lizards
  10 goblins
  3 kobolds
  A quokka skeleton (D:4)
  8 rats
76 creatures vanquished.

Vanquished Creatures (collateral kills)
  3 orc wizards (D:3)
  3 adders
  An ooze (D:3)
  2 worms
  2 dart slugs
  A leopard gecko (D:4)
  3 orcs (D:3)
  A giant cockroach (D:1)
  6 jackals
  A frilled lizard (D:3)
  2 goblins (D:3)
  2 kobolds (D:3)
  3 rats
30 creatures vanquished.

Grand Total: 106 creatures vanquished

Notes
Turn   | Place    | Note
-------+----------+-------------------------------------------
     0 | D:1      | Conn the Deep Elf Wizard began the quest for the Orb.
     0 | D:1      | Reached XP level 1. HP: 10/10 MP: 7/7
   253 | D:1      | Reached XP level 2. HP: 15/15 MP: 5/9
   352 | D:1      | Reached skill level 5 in Spellcasting
   499 | D:1      | Learned a level 2 spell: Blink
   502 | D:1      | Learned a level 2 spell: Call Imp
   885 | D:1      | Reached XP level 3. HP: 19/19 MP: 9/11
  1885 | D:2      | Found a bloodstained altar of Trog.
  2065 | D:2      | Reached XP level 4. HP: 24/24 MP: 9/13
  2077 | D:2      | Found a glowing silver altar of Zin.
  2371 | D:2      | Reached skill level 1 in Short Blades
  2840 | D:3      | Reached skill level 6 in Spellcasting
  2840 | D:3      | Reached XP level 5. HP: 7/28 MP: 13/15
  3406 | D:3      | Noticed a sky beast
  3726 | D:4      | Learned a level 3 spell: Conjure Flame
  3730 | D:4      | Learned a level 3 spell: Mephitic Cloud
  3912 | D:4      | Noticed an ogre
  3920 | D:4      | Noticed an ogre
  3945 | D:4      | Killed an ogre
  3945 | D:4      | Reached XP level 6. HP: 32/33 MP: 0/17
  4652 | D:4      | Reached skill level 7 in Spellcasting
  4912 | D:4      | Reached XP level 7. HP: 37/37 MP: 17/19
  4942 | D:5      | Entered Level 5 of the Dungeon
  4948 | D:5      | Reached skill level 1 in Throwing
  5288 | D:5      | Noticed Prince Ribbit
  5292 | D:5      | HP: 1/37 [gnoll sergeant/+0 spear (8)]
  5293 | D:5      | Slain by a gnoll sergeant

Levels and vault maps discovered:
D:1:      ebering_hopf_link, layout_basic
D:2:      layout_loops_ring, zin_treasury, bloody_trog
D:3:      layout_rooms, kennysheep_big_empty_room
D:4:      layout_loops_corners
D:5:      layout_basic, first_ration, serial_shops, nicolae_shop_statue_plus,
          uniq_prince_ribbit1

Skill      XL: |  1  2  3  4  5  6  7 |
---------------+----------------------+-----
Spellcasting   | 5 6 7 |  7.3
Short Blades   | 1 |  1.6
Summonings     | 2 3 |  3.1
Conjurations   | 2 3 |  3.3
Stealth        | 3 |  3.5
Dodging        | 3 |  3.1
Throwing       | 1 |  1.0
Fighting       | |  0.9
Staves         | |  0.4
Translocations | |  1.7
Air Magic      | |  0.3
Poison Magic   | |  0.6

Action                   |  1- 3 |  4- 6 |  7- 9 || total
-------------------------+-------+-------+-------++-------
Melee: Short sword       |    43 |    35 |       ||    78
       Staff             |       |     5 |     1 ||     6
Throw: Dart              |       |     9 |       ||     9
 Cast: Magic Dart        |    74 |    94 |    15 ||   183
       Call Imp          |     9 |    32 |       ||    41
       Blink             |     1 |     6 |     2 ||     9
       Mephitic Cloud    |       |     6 |     6 ||    12
       Conjure Flame     |       |     3 |       ||     3
Evoke: Wand              |       |       |     2 ||     2
  Use: Potion            |     3 |     1 |     2 ||     6
 Stab: Sleeping          |     3 |     1 |       ||     4
       Distracted        |       |     1 |       ||     1
  Eat: Chunk             |     3 |     9 |       ||    12
Armor: Robe              |    10 |    13 |       ||    23
       Skin              |     1 |       |       ||     1
Dodge: Dodged            |    41 |    54 |     5 ||   100

Table legend:
 A = Non-vault XP
 B = Vault XP
 C = Vault XP percentage of total XP
 D = Non-vault monster count
 E = Vault monster count
 F = Vault count percentage of total count
                 A         B        C        D         E       F
            +---------+---------+-------+---------+---------+-------
      Total |     783 |       0 |   0.0 |     106 |       0 |   0.0
            +---------+---------+-------+---------+---------+-------
        D:1 |      46 |       0 |   0.0 |      29 |       0 |   0.0
        D:2 |      94 |       0 |   0.0 |      28 |       0 |   0.0
        D:3 |     126 |       0 |   0.0 |      28 |       0 |   0.0
        D:4 |     467 |       0 |   0.0 |      15 |       0 |   0.0
        D:5 |      50 |       0 |   0.0 |       6 |       0 |   0.0
            +---------+---------+-------+---------+---------+-------
